 Dungeon Crawl Stone Soup version 0.18.1-48-g4cf74bf (webtiles) character file.

23 Crag the Digger (level 2, 0/20 HPs)
             Began as a Demigod Earth Elementalist on July 2, 2016.
             Slain by a gnoll
             ... wielding a +0 club
              (4 damage)
             ... on level 1 of the Dungeon.
             The game lasted 00:02:50 (956 turns).

Crag the Digger (Demigod Earth Elementalist)         Turns: 956, Time: 00:02:51

Health: 0/20       AC:  4    Str: 11    XL:     2   Next: 54%
Magic:  7/7        EV: 12    Int: 19    God:
Gold:   88         SH:  0    Dex: 16    Spells: 1 memorised, 3 levels left

rFire  . . .     SeeInvis .       - Unarmed
rCold  . . .     Gourm    .     k - +0 leather armour
rNeg   . . .     Faith    .     (no shield)
rPois  .         Spirit   .     (no helmet)
rElec  .         Dismiss  .     (no cloak)
rCorr  .         Reflect  .     (no gloves)
SustAt +         Harm     .     f - +0 pair of boots
MR     .....                    (no amulet)
Stlth  ++........               (no ring)
                                n - ring of wizardry

@: not resistant to hostile enchantments, unstealthy
A: high mp 1, sustain attributes
a: no special abilities


You were on level 1 of the Dungeon.
You were not hungry.

You visited 1 branch of the dungeon, and saw 1 of its levels.

You collected 88 gold pieces.

Inventory:

Missiles
 b - 55 stones (quivered)
Armour
 a - a +0 robe
 f - a +0 pair of boots (worn)
 k - a +0 leather armour (worn)
Jewellery
 n - a ring of wizardry (left hand)
Scrolls
 e - 2 scrolls of immolation {unknown}
 g - 3 scrolls of remove curse {unknown}
 i - a scroll of amnesia {unknown}
 j - a scroll of identify {unknown}
 m - a scroll of teleportation {unknown}
Potions
 l - a potion of agility {unknown}
Books
 c - a book of Geomancy

   Spells                             Type                      Level
   a - Sandblast                      Earth                        1
   b - Passwall                       Transmutation/Earth          2
   c - Stone Arrow                    Conjuration/Earth            3
   d - Petrify                        Transmutation/Earth          4
   e - Lee's Rapid Deconstruction     Earth                        5
Comestibles
 d - 2 bread rations
 h - 4 chunks of flesh


   Skills:
 - Level 1.7 Dodging
 - Level 1.7 Stealth
 + Level 2.2 Unarmed Combat
 - Level 1.7 Spellcasting
   Level 0.8 Transmutations
 - Level 2.6 Earth Magic


You had 3 spell levels left.
You knew the following spells:

 Your Spells              Type           Power        Failure   Level  Hunger
a - Sandblast             Erth           ##....       4%          1    #......


Dungeon Overview and Level Annotations

Branches:
Dungeon (1/15)


Innate Abilities, Weirdness & Mutations

You have an increased reservoir of magic (+10% MP).
Your attributes are resistant to harm.


Message History

You hit the ball python.
You kill the ball python!
You see here a ball python corpse.
You butcher the ball python corpse.
h - 4 chunks of flesh (gained 3)
A gnoll comes into view. It is wielding a club.
The gnoll shouts!
The gnoll drinks a potion.
The gnoll flickers and vanishes!
Deactivating autopickup; reactivate with Ctrl-A.
You hit something. Something hits you.
You closely miss something. Something hits you.
You hit something but do no damage. Something hits you.
You hit something. Something hits you!
You hit something. You barely miss something. Something hits you.
* * * LOW HITPOINT WARNING * * *
You miss something. Something hits you.
* * * LOW HITPOINT WARNING * * *
You closely miss something. Something hits you.
You die...

#..#[#...# #.#.### ##.###...#
#.#.# .#..#...# ##.#.# .#..#...#
#..#.# .......## #.##.# .#.##..#
#.##.# ### ...##.## #.##.###.##
##.##.# #############.##.##.#.##
......####.....{@......##.#.###.#
###...........................##.
#..#............######.##.#.#.#
#....###.###.###.#####.###...## #
#.#..# # .... #.....#.# ##.## .
#.#..# ###.###.###.#.# #.#
.##.#..# ##...## #.#.# #.#
....#..## ##.## #.#.# #.#
..###...# #.### #.#.# #.#


There were no monsters in sight!

Vanquished Creatures
  A dart slug (D:1)
  3 bats (D:1)
  A giant cockroach (D:1)
  A goblin (D:1)
  3 hobgoblins (D:1)
  3 kobolds (D:1)
  A quokka (D:1)
  A ball python (D:1)
  A giant newt (D:1)
  5 rats (D:1)
20 creatures vanquished.

Notes
Turn   | Place    | Note
--------------------------------------------------------------
     0 | D:1      | Crag the Demigod Earth Elementalist began the quest for the Orb.
     0 | D:1      | Reached XP level 1. HP: 14/14 MP: 5/5
   133 | D:1      | Reached skill level 1 in Unarmed Combat
   503 | D:1      | Reached XP level 2. HP: 20/20 MP: 7/7
   956 | D:1      | Slain by a gnoll

Skill      XL: |  1  2 |
---------------+-------+-----
Unarmed Combat | 1 2 |  2.2
Dodging        | |  1.7
Stealth        | |  1.7
Spellcasting   | |  1.7
Transmutations | |  0.8
Earth Magic    | |  2.6

Action                   || total
-------------------------++-------
Melee: Unarmed           ||   114
       Punch             ||     1
 Stab: Sleeping          ||     1
Armor: Robe              ||     7
       Leather armour    ||    24
Dodge: Dodged            ||    57
